 Dungeon Crawl Stone Soup version 0.18.1-50-g88ac8fd (webtiles) character file.

338 Larett the Covert (level 6, -1/30 HPs)
             Began as a Spriggan Assassin on Oct 15, 2016.
             Was an Initiate of Gozag.
             Slain by a killer bee (8 damage)
             ... on level 4 of the Dungeon.
             The game lasted 00:09:20 (3056 turns).

Larett the Covert (Spriggan Assassin)               Turns: 3056, Time: 00:09:20

Health: -1/30      AC:  4    Str:  7    XL:     6   Next: 29%
Magic:  7/7        EV: 23    Int: 13    God:    Gozag
Gold:   210        SH:  0    Dex: 19    Spells: 0 memorised, 5 levels left

rFire  . . .     SeeInvis +     a - +2 mace (drain)
rCold  . . .     Gourm    .     x - +1 robe {MR+}
rNeg   . . .     Faith    .     (shield restricted)
rPois  +         Spirit   .     (helmet restricted)
rElec  .         Dismiss  .     d - +0 cloak
rCorr  .         Reflect  .     (gloves unavailable)
SustAt .         Harm     .     (boots unavailable)
MR     ++...                    q - amulet of regeneration
Stlth  +++++.....               (no ring)
                                t - ring of poison resistance

@: very quick, very resistant to hostile enchantments, quite stealthy
A: unfitting armour, see invisible, herbivore 3, speed 3, slow metabolism 2
a: Potion Petition, Call Merchant, Bribe Branch, Renounce Religion


You were on level 4 of the Dungeon.
You worshipped Gozag.
Gozag was noncommittal.
You were not hungry.

You visited 2 branches of the dungeon, and saw 7 of its levels.

You collected 268 gold pieces.
You paid 58 gold pieces to Gozag.

Inventory:

Hand Weapons
 a - a +2 mace of draining (weapon)
 b - a +0 hunting sling
 p - a +0 blowgun
 s - a +4 dagger
Missiles
 e - 4 poisoned needles
 f - 2 curare-tipped needles
 o - 118 stones (quivered)
Armour
 d - a +0 cloak (worn)
 x - a +1 robe of magic resistance (worn)
Jewellery
 c - a +2 ring of intelligence {unknown}
 n - a cursed ring of teleportation {unknown}
 q - an amulet of regeneration (around neck)
 t - a ring of poison resistance (left hand)
Wands
 A - a wand of enslavement (20/24)
Scrolls
 i - 2 scrolls of enchant weapon {unknown}
 j - a scroll of remove curse
 k - a scroll of immolation {unknown}
 l - 2 scrolls of blinking {unknown}
 w - 2 scrolls of teleportation {unknown}
 y - a scroll of magic mapping {unknown}
Potions
 m - a potion of invisibility {unknown}
 r - 2 potions of brilliance
 u - 2 potions of flight
 v - a potion of haste
 z - a potion of agility
Comestibles
 g - a bread ration


   Skills:
 - Level 1.5 Fighting
 - Level 2.1 Short Blades
 + Level 2.2(2.7) Slings
 - Level 2.0(2.3) Throwing
 - Level 6.6 Dodging
 - Level 8.6 Stealth


You had 5 spell levels left.
You didn't know any spells.

Dungeon Overview and Level Annotations

Branches:
Dungeon (6/15)             Temple (1/1) D:4

Altars:
Ashenzari
Cheibriados
Elyvilon
Fedhas
Gozag
Kikubaaqudgha
Makhleb
Okawaru
Qazlal
Ru
Sif Muna
Trog
Vehumet
Xom
Zin


Innate Abilities, Weirdness & Mutations

You are tiny and cannot use many weapons and most armour.
You have supernaturally acute eyesight.
You are a herbivore.
You cover ground extremely quickly.
You need consume almost no food.


Message History

* * * LOW HITPOINT WARNING * * *
You are more poisoned.
The killer bee poisons you! The killer bee completely misses you.
The killer bee closely misses you.
You feel sick. The killer bee misses you. The killer bee completely misses you.
The killer bee stings you.
* * * LOW HITPOINT WARNING * * *
The killer bee barely misses you.
You miss the killer bee.
The killer bee is heavily wounded.
You feel sick. The killer bee stings you.
* * * LOW HITPOINT WARNING * * *
The killer bee completely misses you. The killer bee barely misses you.
The killer bee completely misses you. The killer bee stings you.
* * * LOW HITPOINT WARNING * * *
The killer bee barely misses you.
Drink which item? (? for menu, Esc to quit)
You feel better. The killer bee stings you!
You die...
Your body crumbles into a pile of gold.

[.# ##.## #. ..####### #.# #.
........# #.# #. ..#####.# #.# #.
..# #.# #.# #. ..#####.#######
#.### ## ..............# #...# #
#.#.###.###.#.#########.# # #.#.#
#.# #.#..yiyy.....# # #.#.###.#
#.#.########### # ..<.....#
#.......# # #.#.#######...###.#
#########
#.#.......)...###.#######........
#................................
###.######.##.###########.#######
##.## #.##.# ### ##...## #.##.#


You could see 3 killer bees.

Vanquished Creatures
  A scorpion (D:4)
  An iguana (D:6)
  Jessica (D:3)
  An orc wizard (D:4)
  2 worker ants (D:4)
  A hound skeleton (D:6)
  5 adders
  An ooze (D:1)
  3 worms
  4 dart slugs
  4 giant geckos
  6 orcs
  2 giant cockroaches (D:3)
  4 goblins
  7 hobgoblins
  9 jackals
  7 kobolds
  5 quokkas
  5 bats
  A giant gecko skeleton (D:4)
  5 giant newts
  11 rats
86 creatures vanquished.

Notes
Turn   | Place    | Note
--------------------------------------------------------------
     0 | D:1      | Larett the Spriggan Assassin began the quest for the Orb.
     0 | D:1      | Reached XP level 1. HP: 10/10 MP: 2/2
    52 | D:1      | Reached skill level 6 in Stealth
   176 | D:1      | Reached XP level 2. HP: 11/14 MP: 3/3
   375 | D:1      | Reached skill level 7 in Stealth
   692 | D:2      | Reached XP level 3. HP: 18/18 MP: 4/4
   948 | D:2      | Reached skill level 8 in Stealth
  1257 | D:2      | Reached XP level 4. HP: 16/22 MP: 5/5
  1326 | D:2      | Found a radiant altar of Vehumet.
  1335 | D:2      | Found a shattered altar of Ashenzari.
  1361 | D:2      | Found a faded altar to an unknown god.
  1460 | D:3      | Reached skill level 2 in Dodging
  1683 | D:3      | Reached skill level 3 in Dodging
  2084 | D:3      | Noticed Jessica
  2090 | D:3      | Killed Jessica
  2090 | D:3      | Reached skill level 4 in Dodging
  2090 | D:3      | Reached XP level 5. HP: 25/25 MP: 6/6
  2143 | D:4      | Reached skill level 5 in Dodging
  2204 | D:4      | Found a staircase to the Ecumenical Temple.
  2229 | Temple   | Entered the Ecumenical Temple
  2325 | Temple   | Became a worshipper of Gozag Ym Sagoz the Greedy
  2390 | D:4      | Reached skill level 6 in Dodging
  2436 | D:4      | Reached XP level 6. HP: 30/30 MP: 7/7
  2834 | D:5      | Entered Level 5 of the Dungeon
  2840 | D:5      | Reached skill level 1 in Slings
  2856 | D:5      | Noticed an ice beast
  2968 | D:5      | You fall through a shaft!
  2987 | D:6      | Reached skill level 2 in Slings
  3008 | D:5      | Found an iron altar of Okawaru.
  3055 | D:4      | HP: 5/30 [killer bee (6)]
  3055 | D:4      | HP: 2/30 [killer bee (3)]
  3056 | D:4      | Slain by a killer bee

Skill      XL: |  1  2  3  4  5  6 |
---------------+-------------------+-----
Stealth        | 6 7 8 |  8.6
Dodging        | 4 6 |  6.6
Slings         | 2 |  2.2
Fighting       | |  1.5
Short Blades   | |  2.1
Throwing       | |  2.0

Action                   |  1- 3 |  4- 6 || total
-------------------------+-------+-------++-------
Melee: Dagger            |    48 |       ||    48
       Mace              |    44 |   127 ||   171
 Fire: Hunting sling     |       |    14 ||    14
       Blowgun           |       |    11 ||    11
  Use: Scroll            |     1 |     3 ||     4
       Potion            |       |     2 ||     2
 Stab: Sleeping          |    11 |    26 ||    37
       Distracted        |       |     1 ||     1
Armor: Robe              |     8 |    19 ||    27
Dodge: Dodged            |    71 |   166 ||   237
